Workbook

Sheet WINE SUBMISSION TAB (ENTER INFO
A1: Date Tasted | B1: Location Tasted | C1: Score | D1: Review | E1: Drink from | F1: Drink to | G1: Type | H1: Color | I1: Current Vintage | J1: Other VIntages | K1: Producer / Winery Name | L1: Fanciful Name / Vineyard Designate / Variety | M1: Appellation | N1: Country | O1: Region | P1: Alcohol | Q1: Grape | R1: Price | S1: Bottle size
D2: EXAMPLE ENTRY: TECH DETAILS: This 100% Pinot Noir comes from the winery's estate Triska Vineyard, a very cool site in the Crane Ridge area of the Livermore Valley. Vines bask in near constant breezes and a thick blanket of coastal fog in the morning. Fermented with native yeasts in stainless steel, the wine was then aged 14 months in 50% new French oak. | G2: Still Wine | H2: Red | I2: 2023 | K2: Darcie Kent Estate Winery | L2: Triska Vineyard, Pinot Noir | M2: San Francisco Bay (Livermore Valley) | N2: USA | O2: USA / California | P2: 0.141 | Q2: 100% Pinot Noir | R2: for price, use this range: $ = $1-50 $$ = $51-100 $$$ = $101-150 $$$$ = $151-200 $$$$$ = $201+ | S2: 750 ml

Sheet Import - Step 1 DO NOT EDIT
A1: Meta: producer | B1: Meta: wine_name | C1: Meta: vintage_current | D1: Meta: date_tasted | E1: Meta: location_tasted | F1: Meta: type | G1: Meta: rating | H1: Meta: cristaldi_review | I1: Meta: alcohol | J1: Meta: price | K1: Meta: drink_from | L1: Meta: drink_to | M1: Meta: bottle_size | N1: Tags | O1: Categories | P1: Name | Q1: Published | R1: Is featured? | S1: Visibility in catalog | T1: In stock? | U1: Position | V1: Meta: _cristaldi_review | W1: Meta: _rating | X1: Meta: _producer | Y1: Meta: _color | Z1: Meta: _wine_name | AA1: Meta: _type | AB1: Meta: _alcohol | AC1: Meta: _date_tasted | AD1: Meta: _location_tasted | AE1: Meta: _bottle_size | AF1: Meta: _vintage_current | AG1: Meta: _drink_from | AH1: Meta: _drink_to
A2: ='WINE SUBMISSION TAB (ENTER INFO'!K2 -> Darcie Kent Estate Winery | B2: ='WINE SUBMISSION TAB (ENTER INFO'!L2 -> Triska Vineyard, Pinot Noir | C2: ='WINE SUBMISSION TAB (ENTER INFO'!I2 -> 2023 | D2: ='WINE SUBMISSION TAB (ENTER INFO'!A2 | E2: ='WINE SUBMISSION TAB (ENTER INFO'!B2 | F2: ='WINE SUBMISSION TAB (ENTER INFO'!G2 -> Still Wine | G2: ='WINE SUBMISSION TAB (ENTER INFO'!C2 | H2: ='WINE SUBMISSION TAB (ENTER INFO'!D2 -> EXAMPLE ENTRY: TECH DETAILS: This 100% Pinot Noir comes from the winery's estate Triska Vineyard, a very cool site in the Crane Ridge area of the Livermore Valley. Vines bask in near constant breezes and a thick blanket of coastal fog in the morning. Fermented with native yeasts in stainless steel, the wine was then aged 14 months in 50% new French oak. | I2: ='WINE SUBMISSION TAB (ENTER INFO'!P2 -> 0.141 | J2: ='WINE SUBMISSION TAB (ENTER INFO'!R2 -> for price, use this range: $ = $1-50 $$ = $51-100 $$$ = $101-150 $$$$ = $151-200 $$$$$ = $201+ | K2: ='WINE SUBMISSION TAB (ENTER INFO'!E2 | L2: ='WINE SUBMISSION TAB (ENTER INFO'!F2 | M2: ='WINE SUBMISSION TAB (ENTER INFO'!S2 -> 750 ml | N2: =IFERROR(__xludf.DUMMYFUNCTION("""TBA,""&(REGEXREPLACE(A2, ""[^0-9a-zA-Z]"", """"))"),"TBA,DarcieKentEstateWinery") -> TBA,DarcieKentEstateWinery | P2: =C2&" "&A2&" "&B2 -> 2023 Darcie Kent Estate Winery Triska Vineyard, Pinot Noir | Q2: -1 | R2: 0 | S2: visible | T2: 1 | U2: 0 | V2: field_672149785d967 | W2: field_67211d92c754c | X2: field_66ccf57785740 | Y2: field_66ccf5fd30504 | Z2: field_66cf7edcfe1cf | AA2: field_66cf7f26fe1d7 | AB2: field_66ec6147bafe15 | AC2: field_67211dc8c754d | AD2: field_67211de9c754e | AE2: field_66ec6213be703 | AF2: field_66cf7de770c27 | AG2: field_67211df8c754f | AH2: field_672aa8f1428cd
A3: =#REF! -> #REF! | B3: =#REF! -> #REF! | C3: =#REF! -> #REF! | D3: =#REF! -> #REF! | E3: =#REF! -> #REF! | F3: =#REF! -> #REF! | G3: =#REF! -> #REF! | H3: =#REF! -> #REF! | ... M3: =#REF! -> #REF! | P3: =C3&" "&A3&" "&B3 -> #REF! | Q3: -1 | R3: 0 | S3: visible | T3: 1 | U3: 0 | V3: field_672149785d967 | W3: field_67211d92c754c | X3: field_66ccf57785740 | Y3: field_66ccf5fd30504 | Z3: field_66cf7edcfe1cf | AA3: field_66cf7f26fe1d7 | AB3: field_66ec6147bafe15 | AC3: field_67211dc8c754d | AD3: field_67211de9c754e | AE3: field_66ec6213be703 | AF3: field_66cf7de770c27 | AG3: field_67211df8c754f | AH3: field_672aa8f1428cd
A4: =#REF! -> #REF! | B4: =#REF! -> #REF! | C4: =#REF! -> #REF! | D4: =#REF! -> #REF! | E4: =#REF! -> #REF! | F4: =#REF! -> #REF! | G4: =#REF! -> #REF! | H4: =#REF! -> #REF! | ... M4: =#REF! -> #REF! | P4: =C4&" "&A4&" "&B4 -> #REF! | Q4: -1 | R4: 0 | S4: visible | T4: 1 | U4: 0 | V4: field_672149785d967 | W4: field_67211d92c754c | X4: field_66ccf57785740 | Y4: field_66ccf5fd30504 | Z4: field_66cf7edcfe1cf | AA4: field_66cf7f26fe1d7 | AB4: field_66ec6147bafe15 | AC4: field_67211dc8c754d | AD4: field_67211de9c754e | AE4: field_66ec6213be703 | AF4: field_66cf7de770c27 | AG4: field_67211df8c754f | AH4: field_672aa8f1428cd
A5: =#REF! -> #REF! | B5: =#REF! -> #REF! | C5: =#REF! -> #REF! | D5: =#REF! -> #REF! | E5: =#REF! -> #REF! | F5: =#REF! -> #REF! | G5: =#REF! -> #REF! | H5: =#REF! -> #REF! | ... M5: =#REF! -> #REF! | P5: =C5&" "&A5&" "&B5 -> #REF! | Q5: -1 | R5: 0 | S5: visible | T5: 1 | U5: 0 | V5: field_672149785d967 | W5: field_67211d92c754c | X5: field_66ccf57785740 | Y5: field_66ccf5fd30504 | Z5: field_66cf7edcfe1cf | AA5: field_66cf7f26fe1d7 | AB5: field_66ec6147bafe15 | AC5: field_67211dc8c754d | AD5: field_67211de9c754e | AE5: field_66ec6213be703 | AF5: field_66cf7de770c27 | AG5: field_67211df8c754f | AH5: field_672aa8f1428cd
A6: =#REF! -> #REF! | B6: =#REF! -> #REF! | C6: =#REF! -> #REF! | D6: =#REF! -> #REF! | E6: =#REF! -> #REF! | F6: =#REF! -> #REF! | G6: =#REF! -> #REF! | H6: =#REF! -> #REF! | ... M6: =#REF! -> #REF! | P6: =C6&" "&A6&" "&B6 -> #REF! | Q6: -1 | R6: 0 | S6: visible | T6: 1 | U6: 0 | V6: field_672149785d967 | W6: field_67211d92c754c | X6: field_66ccf57785740 | Y6: field_66ccf5fd30504 | Z6: field_66cf7edcfe1cf | AA6: field_66cf7f26fe1d7 | AB6: field_66ec6147bafe15 | AC6: field_67211dc8c754d | AD6: field_67211de9c754e | AE6: field_66ec6213be703 | AF6: field_66cf7de770c27 | AG6: field_67211df8c754f | AH6: field_672aa8f1428cd
A7: =#REF! -> #REF! | B7: =#REF! -> #REF! | C7: =#REF! -> #REF! | D7: =#REF! -> #REF! | E7: =#REF! -> #REF! | F7: =#REF! -> #REF! | G7: =#REF! -> #REF! | H7: =#REF! -> #REF! | ... M7: =#REF! -> #REF! | P7: =C7&" "&A7&" "&B7 -> #REF! | Q7: -1 | R7: 0 | S7: visible | T7: 1 | U7: 0 | V7: field_672149785d967 | W7: field_67211d92c754c | X7: field_66ccf57785740 | Y7: field_66ccf5fd30504 | Z7: field_66cf7edcfe1cf | AA7: field_66cf7f26fe1d7 | AB7: field_66ec6147bafe15 | AC7: field_67211dc8c754d | AD7: field_67211de9c754e | AE7: field_66ec6213be703 | AF7: field_66cf7de770c27 | AG7: field_67211df8c754f | AH7: field_672aa8f1428cd
A8: =#REF! -> #REF! | B8: =#REF! -> #REF! | C8: =#REF! -> #REF! | D8: =#REF! -> #REF! | E8: =#REF! -> #REF! | F8: =#REF! -> #REF! | G8: =#REF! -> #REF! | H8: =#REF! -> #REF! | ... M8: =#REF! -> #REF! | P8: =C8&" "&A8&" "&B8 -> #REF! | Q8: -1 | R8: 0 | S8: visible | T8: 1 | U8: 0 | V8: field_672149785d967 | W8: field_67211d92c754c | X8: field_66ccf57785740 | Y8: field_66ccf5fd30504 | Z8: field_66cf7edcfe1cf | AA8: field_66cf7f26fe1d7 | AB8: field_66ec6147bafe15 | AC8: field_67211dc8c754d | AD8: field_67211de9c754e | AE8: field_66ec6213be703 | AF8: field_66cf7de770c27 | AG8: field_67211df8c754f | AH8: field_672aa8f1428cd
A9: =#REF! -> #REF! | B9: =#REF! -> #REF! | C9: =#REF! -> #REF! | D9: =#REF! -> #REF! | E9: =#REF! -> #REF! | F9: =#REF! -> #REF! | G9: =#REF! -> #REF! | H9: =#REF! -> #REF! | ... M9: =#REF! -> #REF! | P9: =C9&" "&A9&" "&B9 -> #REF! | Q9: -1 | R9: 0 | S9: visible | T9: 1 | U9: 0 | V9: field_672149785d967 | W9: field_67211d92c754c | X9: field_66ccf57785740 | Y9: field_66ccf5fd30504 | Z9: field_66cf7edcfe1cf | AA9: field_66cf7f26fe1d7 | AB9: field_66ec6147bafe15 | AC9: field_67211dc8c754d | AD9: field_67211de9c754e | AE9: field_66ec6213be703 | AF9: field_66cf7de770c27 | AG9: field_67211df8c754f | AH9: field_672aa8f1428cd
A10: =#REF! -> #REF! | B10: =#REF! -> #REF! | C10: =#REF! -> #REF! | D10: =#REF! -> #REF! | E10: =#REF! -> #REF! | F10: =#REF! -> #REF! | G10: =#REF! -> #REF! | H10: =#REF! -> #REF! | ... M10: =#REF! -> #REF! | P10: =C10&" "&A10&" "&B10 -> #REF! | Q10: -1 | R10: 0 | S10: visible | T10: 1 | U10: 0 | V10: field_672149785d967 | W10: field_67211d92c754c | X10: field_66ccf57785740 | Y10: field_66ccf5fd30504 | Z10: field_66cf7edcfe1cf | AA10: field_66cf7f26fe1d7 | AB10: field_66ec6147bafe15 | AC10: field_67211dc8c754d | AD10: field_67211de9c754e | AE10: field_66ec6213be703 | AF10: field_66cf7de770c27 | AG10: field_67211df8c754f | AH10: field_672aa8f1428cd
A11: =#REF! -> #REF! | B11: =#REF! -> #REF! | C11: =#REF! -> #REF! | D11: =#REF! -> #REF! | E11: =#REF! -> #REF! | F11: =#REF! -> #REF! | G11: =#REF! -> #REF! | H11: =#REF! -> #REF! | ... M11: =#REF! -> #REF! | P11: =C11&" "&A11&" "&B11 -> #REF! | Q11: -1 | R11: 0 | S11: visible | T11: 1 | U11: 0 | V11: field_672149785d967 | W11: field_67211d92c754c | X11: field_66ccf57785740 | Y11: field_66ccf5fd30504 | Z11: field_66cf7edcfe1cf | AA11: field_66cf7f26fe1d7 | AB11: field_66ec6147bafe15 | AC11: field_67211dc8c754d | AD11: field_67211de9c754e | AE11: field_66ec6213be703 | AF11: field_66cf7de770c27 | AG11: field_67211df8c754f | AH11: field_672aa8f1428cd
A12: =#REF! -> #REF! | B12: =#REF! -> #REF! | C12: =#REF! -> #REF! | D12: =#REF! -> #REF! | E12: =#REF! -> #REF! | F12: =#REF! -> #REF! | G12: =#REF! -> #REF! | H12: =#REF! -> #REF! | ... M12: =#REF! -> #REF! | P12: =C12&" "&A12&" "&B12 -> #REF! | Q12: -1 | R12: 0 | S12: visible | T12: 1 | U12: 0 | V12: field_672149785d967 | W12: field_67211d92c754c | X12: field_66ccf57785740 | Y12: field_66ccf5fd30504 | Z12: field_66cf7edcfe1cf | AA12: field_66cf7f26fe1d7 | AB12: field_66ec6147bafe15 | AC12: field_67211dc8c754d | AD12: field_67211de9c754e | AE12: field_66ec6213be703 | AF12: field_66cf7de770c27 | AG12: field_67211df8c754f | AH12: field_672aa8f1428cd
A13: =#REF! -> #REF! | B13: =#REF! -> #REF! | C13: =#REF! -> #REF! | D13: =#REF! -> #REF! | E13: =#REF! -> #REF! | F13: =#REF! -> #REF! | G13: =#REF! -> #REF! | H13: =#REF! -> #REF! | ... M13: =#REF! -> #REF! | P13: =C13&" "&A13&" "&B13 -> #REF! | Q13: -1 | R13: 0 | S13: visible | T13: 1 | U13: 0 | V13: field_672149785d967 | W13: field_67211d92c754c | X13: field_66ccf57785740 | Y13: field_66ccf5fd30504 | Z13: field_66cf7edcfe1cf | AA13: field_66cf7f26fe1d7 | AB13: field_66ec6147bafe15 | AC13: field_67211dc8c754d | AD13: field_67211de9c754e | AE13: field_66ec6213be703 | AF13: field_66cf7de770c27 | AG13: field_67211df8c754f | AH13: field_672aa8f1428cd
A14: =#REF! -> #REF! | B14: =#REF! -> #REF! | C14: =#REF! -> #REF! | D14: =#REF! -> #REF! | E14: =#REF! -> #REF! | F14: =#REF! -> #REF! | G14: =#REF! -> #REF! | H14: =#REF! -> #REF! | ... M14: =#REF! -> #REF! | P14: =C14&" "&A14&" "&B14 -> #REF! | Q14: -1 | R14: 0 | S14: visible | T14: 1 | U14: 0 | V14: field_672149785d967 | W14: field_67211d92c754c | X14: field_66ccf57785740 | Y14: field_66ccf5fd30504 | Z14: field_66cf7edcfe1cf | AA14: field_66cf7f26fe1d7 | AB14: field_66ec6147bafe15 | AC14: field_67211dc8c754d | AD14: field_67211de9c754e | AE14: field_66ec6213be703 | AF14: field_66cf7de770c27 | AG14: field_67211df8c754f | AH14: field_672aa8f1428cd
... A25: =#REF! -> #REF! | B25: =#REF! -> #REF! | C25: =#REF! -> #REF! | D25: =#REF! -> #REF! | E25: =#REF! -> #REF! | F25: =#REF! -> #REF! | G25: =#REF! -> #REF! | H25: =#REF! -> #REF! | ... M25: =#REF! -> #REF! | P25: =C25&" "&A25&" "&B25 -> #REF! | Q25: -1 | R25: 0 | S25: visible | T25: 1 | U25: 0 | V25: field_672149785d967 | W25: field_67211d92c754c | X25: field_66ccf57785740 | Y25: field_66ccf5fd30504 | Z25: field_66cf7edcfe1cf | AA25: field_66cf7f26fe1d7 | AB25: field_66ec6147bafe15 | AC25: field_67211dc8c754d | AD25: field_67211de9c754e | AE25: field_66ec6213be703 | AF25: field_66cf7de770c27 | AG25: field_67211df8c754f | AH25: field_672aa8f1428cd
A26: ='WINE SUBMISSION TAB (ENTER INFO'!K3 | B26: ='WINE SUBMISSION TAB (ENTER INFO'!L3 | C26: ='WINE SUBMISSION TAB (ENTER INFO'!I3 | D26: ='WINE SUBMISSION TAB (ENTER INFO'!A3 | E26: ='WINE SUBMISSION TAB (ENTER INFO'!B3 | F26: ='WINE SUBMISSION TAB (ENTER INFO'!G3 | G26: ='WINE SUBMISSION TAB (ENTER INFO'!C3 | H26: ='WINE SUBMISSION TAB (ENTER INFO'!D3 | I26: ='WINE SUBMISSION TAB (ENTER INFO'!P3 | J26: ='WINE SUBMISSION TAB (ENTER INFO'!R3 | K26: ='WINE SUBMISSION TAB (ENTER INFO'!E3 | L26: ='WINE SUBMISSION TAB (ENTER INFO'!F3 | M26: ='WINE SUBMISSION TAB (ENTER INFO'!S3
A27: ='WINE SUBMISSION TAB (ENTER INFO'!K4 | B27: ='WINE SUBMISSION TAB (ENTER INFO'!L4 | C27: ='WINE SUBMISSION TAB (ENTER INFO'!I4 | D27: ='WINE SUBMISSION TAB (ENTER INFO'!A4 | E27: ='WINE SUBMISSION TAB (ENTER INFO'!B4 | F27: ='WINE SUBMISSION TAB (ENTER INFO'!G4 | G27: ='WINE SUBMISSION TAB (ENTER INFO'!C4 | H27: ='WINE SUBMISSION TAB (ENTER INFO'!D4 | I27: ='WINE SUBMISSION TAB (ENTER INFO'!P4 | J27: ='WINE SUBMISSION TAB (ENTER INFO'!R4 | K27: ='WINE SUBMISSION TAB (ENTER INFO'!E4 | L27: ='WINE SUBMISSION TAB (ENTER INFO'!F4 | M27: ='WINE SUBMISSION TAB (ENTER INFO'!S4

Sheet api_data_bottle-sizes
A1: 9 | B1: 100cl
A2: 4 | B2: 150cl
A3: 8 | B3: 225cl
A4: 11 | B4: 25cl
A5: 2 | B5: 300cl
A6: 6 | B6: 37.5cl
A7: 3 | B7: 450cl
A8: 7 | B8: 500cl
A9: 5 | B9: 50cl
A10: 10 | B10: 62cl
A11: 1 | B11: 75cl

Sheet boolean_list
A1: Yes
A2: No

Sheet publish_status_list
A1: Draft
A2: Live

Sheet api_data_oaks
A1: 1 | B1: Lightly Oaked
A2: 2 | B2: Oaked
A3: 3 | B3: Unoaked

Sheet api_data_certifications
A1: 2 | B1: Biodynamic
A2: 4 | B2: Carbon Neutral
A3: 3 | B3: Fair Trade
A4: 1 | B4: Organic

Sheet api_data_bodies
A1: 1 | B1: Full
A2: 3 | B2: Light
A3: 2 | B3: Medium

Sheet api_data_closures
A1: 8 | B1: Bag in Box
A2: 10 | B2: Can
A3: 6 | B3: Cork
A4: 1 | B4: Natural Cork
A5: 5 | B5: Other
A6: 2 | B6: Plastic/Synthetic
A7: 9 | B7: Pouch
A8: 7 | B8: Screwcap
A9: 3 | B9: Screwcap/Stelvin
A10: 4 | B10: Vino-lok

Sheet api_data_sweetnesses
A1: 7 | B1: Brut
A2: 8 | B2: Brut Nature
A3: 2 | B3: Dry
A4: 10 | B4: Extra Brut
A5: 9 | B5: Extra Dry
A6: 3 | B6: Medium
A7: 4 | B7: Medium Dry
A8: 5 | B8: Medium Sweet
A9: 12 | B9: Off Dry
A10: 6 | B10: Off-Dry
A11: 11 | B11: Off-Dry
A12: 1 | B12: Sweet

Sheet api_data_types
A1: 1 | B1: Fortified
A2: 2 | B2: Sparkling
A3: 3 | B3: Still
A4: 4 | B4: This inaugural vintage of Viña Cobos Chardonnay already shows considerable class. Grapes are picked
A5: 5 | B5: Winemaker Andres Vignoni describes this as 'a representative blend' made from grapes planted in five
A6: 6 | B6: Made from 90-year-old Malbec vines. The Zingaretti Vineyard has two distinct sections, which contrib
A7: 7 | B7: The wine that put Paul Hobbs' Viña Cobos on the map. Tasted in magnum, this 2011 vintage shows evolv
A8: 8 | B8: The latest vintage of the wine that put Paul Hobbs' Viña Cobos on the map. Distinctive nose with liq
A9: 9 | B9: The Chañares Vineyard sits at 1,180m altitude on free-draining, alluvial rock with coarse sand and l
A10: 10 | B10: This is one of my favourite vintages of this wine,' declares winemaker Andres Vignoni, who works alo
A11: 11 | B11: A well-judged blend of Cabernet with around 5% old-vine Malbec from 80-year-old vines, aged in 100%
A12: 12 | B12: Evolved and savoury aromatics, with mushroomy notes, brambly undergrowth and baked black fruits. The

Sheet tasting-formats_list
A1: 2 | B1: Panel Tasting
A2: 1 | B2: Single Tasting

Sheet api_data_judges
A1: 15 | B1: : Christelle Guibert
A2: 108 | B2: : Jane Anson
A3: 117 | B3: : John Stimpfig
A4: 116 | B4: : Peter Richards MW
A5: 69 | B5: : Sarah Ahmed
A6: 63 | B6: : Sarah Jane Evans MW
A7: 111 | B7: : Tim Atkin MW
A8: 109 | B8: : Tom Hyland
A9: 99 | B9: Adam Lechmere
A10: 184 | B10: Alastair England
A11: 156 | B11: Aldo Fiordelli
A12: 219 | B12: Alejandro Iglesias
... A283: 265 | B283: Yohann Jousselin MS

Sheet api_data_appellations
A1: 215 | B1: 1er Cru
A2: 2005 | B2: Abona
A3: 1626 | B3: Abona
A4: 1990 | B4: Abymes
A5: 2138 | B5: Achaia
A6: 2253 | B6: Adelaide
A7: 2370 | B7: Adelaide Hills (Basket Ranges)
A8: 1303 | B8: Adelaide Hills
A9: 778 | B9: Aglianico del Vulture
A10: 1613 | B10: Akeno
A11: 2165 | B11: Alenquer
A12: 2085 | B12: Alenquer
... A1788: 1609 | B1788: Zuoquan

Sheet api_data_grapes
A1: 1 | B1: Abouriou
A2: 694 | B2: Abrusco
A3: 2 | B3: Adakarasi
A4: 3 | B4: Agiorgitiko
A5: 4 | B5: Aglianico
A6: 720 | B6: Aglianico
A7: 753 | B7: Aglianicone
A8: 626 | B8: Agronómica
A9: 684 | B9: Aidani
A10: 5 | B10: Airén
A11: 6 | B11: Akhtanak
A12: 7 | B12: Albana
... A705: 464 | B705: Zweigelt

Sheet api_data_winecolours
A1: 4 | B1: Orange
A2: 1 | B2: Red
A3: 2 | B3: Rosé
A4: 3 | B4: White

Sheet api_data_regions
A1: 1 | B1: Argentina | C1: Argentina / Buenos Aires
A2: 2 | B2: Argentina | C2: Argentina / La Rioja
A3: 279 | B3: Argentina | C3: Argentina / La Rioja / Aminga Valley
A4: 280 | B4: Argentina | C4: Argentina / La Rioja / Famatina Valley
A5: 1832 | B5: Argentina | C5: Argentina / Mar del Plata
A6: 3 | B6: Argentina | C6: Argentina / Mendoza
A7: 281 | B7: Argentina | C7: Argentina / Mendoza / Agrelo, Luján de Cuyo
A8: 282 | B8: Argentina | C8: Argentina / Mendoza / Altamira, San Carlos
A9: 283 | B9: Argentina | C9: Argentina / Mendoza / Barrancas, Maipu
A10: 284 | B10: Argentina | C10: Argentina / Mendoza / Cordón de Plata, Tupungato
A11: 285 | B11: Argentina | C11: Argentina / Mendoza / Gualtallary, Tupungato
A12: 286 | B12: Argentina | C12: Argentina / Mendoza / La Consulta, San Carlos
... A1641: 1838 | B1641: Uruguay | C1641: Uruguay / Montevideo

Sheet api_data_countries
A1: 234 | B1: Afghanistan
A2: 211 | B2: Åland Islands
A3: 127 | B3: Albania
A4: 298 | B4: Algeria
A5: 229 | B5: Andorra
A6: 263 | B6: Angola
A7: 274 | B7: Anguilla
A8: 404 | B8: Antarctica
A9: 212 | B9: Antigua & Barbuda
A10: 1 | B10: Argentina
A11: 2 | B11: Armenia
A12: 254 | B12: Aruba
... A237: 228 | B237: Zimbabwe

Sheet api_data_producers
A1: 191 | B1: Spain | C1: &Aacute;lvaro Palacios
A2: 8728 | B2: Italy | C2: ’A Vita
A3: 12662 | B3: USA | C3: 00 Wines
A4: 8295 | B4: Spain | C4: 13 Jul Plantaze
A5: 6374 | B5: USA | C5: 14 Hands
A6: 9772 | B6: Italy | C6: 1701
A7: 11108 | B7: Israel | C7: 1848
A8: 11302 | B8: Germany | C8: 2Naturkinder
A9: 4840 | B9: USA | C9: 3 Corners
A10: 6195 | B10: Spain | C10: 4 Kilos Vinicola
A11: 11707 | B11: Spain | C11: 4 Monos
A12: 11968 | B12: Italy | C12: 460 Cascina Bric
A13: 2751 | B13: Argentina | C13: 55 Malbec
A14: 10743 | B14: Chile | C14: 7 Colores
A15: 12257 | B15: USA | C15: 868 Estate Vineyards
A16: 12780 | B16: Portugal | C16: A & D Wines
A17: 7319 | B17: Germany | C17: A Christmann
A18: 8356 | B18: Spain | C18: A Coroa
A19: 7013 | B19: France | C19: A Levasseur
... A9998: 9831 | B9998: South Africa | C9998: The Stellenbosch Reserve

Sheet Import - Step 2 DO NOT EDIT
A1: Wine | B1: tax:color | C1: tax:country | D1: tax:grape-blend | E1: tax:vintage | F1: tax:appellation | G1: tax:region
A2: ='Import - Step 1 DO NOT EDIT'!P2 -> 2023 Darcie Kent Estate Winery Triska Vineyard, Pinot Noir | B2: ='WINE SUBMISSION TAB (ENTER INFO'!H2 -> Red | C2: ='WINE SUBMISSION TAB (ENTER INFO'!N2 -> USA | D2: ='WINE SUBMISSION TAB (ENTER INFO'!Q2 -> 100% Pinot Noir | E2: ='WINE SUBMISSION TAB (ENTER INFO'!I2&"|"&'WINE SUBMISSION TAB (ENTER INFO'!J2 -> 2023| | F2: ='WINE SUBMISSION TAB (ENTER INFO'!M2 -> San Francisco Bay (Livermore Valley) | G2: ='WINE SUBMISSION TAB (ENTER INFO'!O2 -> USA / California
A3: ='Import - Step 1 DO NOT EDIT'!P3 -> #REF! | B3: =#REF! -> #REF! | C3: =#REF! -> #REF! | D3: =#REF! -> #REF! | E3: =#REF!&"|"&#REF! -> #REF! | F3: =#REF! -> #REF! | G3: =#REF! -> #REF!
A4: ='Import - Step 1 DO NOT EDIT'!P4 -> #REF! | B4: =#REF! -> #REF! | C4: =#REF! -> #REF! | D4: =#REF! -> #REF! | E4: =#REF!&"|"&#REF! -> #REF! | F4: =#REF! -> #REF! | G4: =#REF! -> #REF!
B5: =#REF! -> #REF! | C5: =#REF! -> #REF! | D5: =#REF! -> #REF! | E5: =#REF!&"|"&#REF! -> #REF! | F5: =#REF! -> #REF! | G5: =#REF! -> #REF!
B6: =#REF! -> #REF! | C6: =#REF! -> #REF! | D6: =#REF! -> #REF! | E6: =#REF!&"|"&#REF! -> #REF! | F6: =#REF! -> #REF! | G6: =#REF! -> #REF!
B7: =#REF! -> #REF! | C7: =#REF! -> #REF! | D7: =#REF! -> #REF! | E7: =#REF!&"|"&#REF! -> #REF! | F7: =#REF! -> #REF! | G7: =#REF! -> #REF!
B8: =#REF! -> #REF! | C8: =#REF! -> #REF! | D8: =#REF! -> #REF! | E8: =#REF!&"|"&#REF! -> #REF! | F8: =#REF! -> #REF! | G8: =#REF! -> #REF!
B9: =#REF! -> #REF! | C9: =#REF! -> #REF! | D9: =#REF! -> #REF! | E9: =#REF!&"|"&#REF! -> #REF! | F9: =#REF! -> #REF! | G9: =#REF! -> #REF!
B10: =#REF! -> #REF! | C10: =#REF! -> #REF! | D10: =#REF! -> #REF! | E10: =#REF!&"|"&#REF! -> #REF! | F10: =#REF! -> #REF! | G10: =#REF! -> #REF!
B11: =#REF! -> #REF! | C11: =#REF! -> #REF! | D11: =#REF! -> #REF! | E11: =#REF!&"|"&#REF! -> #REF! | F11: =#REF! -> #REF! | G11: =#REF! -> #REF!
B12: =#REF! -> #REF! | C12: =#REF! -> #REF! | D12: =#REF! -> #REF! | E12: =#REF!&"|"&#REF! -> #REF! | F12: =#REF! -> #REF! | G12: =#REF! -> #REF!
B13: =#REF! -> #REF! | C13: =#REF! -> #REF! | D13: =#REF! -> #REF! | E13: =#REF!&"|"&#REF! -> #REF! | F13: =#REF! -> #REF! | G13: =#REF! -> #REF!
B14: =#REF! -> #REF! | C14: =#REF! -> #REF! | D14: =#REF! -> #REF! | E14: =#REF!&"|"&#REF! -> #REF! | F14: =#REF! -> #REF! | G14: =#REF! -> #REF!
B15: =#REF! -> #REF! | C15: =#REF! -> #REF! | D15: =#REF! -> #REF! | E15: =#REF!&"|"&#REF! -> #REF! | F15: =#REF! -> #REF! | G15: =#REF! -> #REF!
B16: =#REF! -> #REF! | C16: =#REF! -> #REF! | D16: =#REF! -> #REF! | E16: =#REF!&"|"&#REF! -> #REF! | F16: =#REF! -> #REF! | G16: =#REF! -> #REF!
... B18: =#REF! -> #REF! | C18: =#REF! -> #REF! | D18: =#REF! -> #REF! | E18: =#REF!&"|"&#REF! -> #REF! | F18: =#REF! -> #REF! | G18: =#REF! -> #REF!
